 Dungeon Crawl Stone Soup version 0.27.0-1-g7a089689b8 (webtiles) character file.

Game seed: 11800104054045296474

433 sanka the Chiller (level 7, -3/57 HPs)
             Began as a Ghoul Conjurer on Aug 8, 2021.
             Was an Initiate of Makhleb.
             Killed from afar by an orc wizard (11 damage)
             ... with a puff of flame
             ... on level 4 of the Dungeon.
             The game lasted 00:12:19 (5239 turns).

sanka the Chiller (Ghoul Conjurer)                  Turns: 5239, Time: 00:12:20

Health: -3/57      AC:  2    Str: 11    XL:     7   Next: 0%
Magic:  0/9        EV: 11    Int: 15    God:    Makhleb [......]
Gold:   69         SH:  0    Dex:  7    Spells: 6/10 levels left

rFire    . . .     SeeInvis .   m - +0 long sword
rCold    + . .     Faith    .   (no shield)
rNeg     + + +     Spirit   .   a - +0 robe
rPois    ∞         Reflect  .   (no helmet)
rElec    .         Harm     .   (no cloak)
rCorr    .         Rampage  .   (no gloves)
Will     +....                  (no boots)
Stlth    ++........             (no amulet)
HPRegen  0.00/turn              (no ring)
MPRegen  0.11/turn              b - ring of willpower

@: inhibited regen
A: claws 1, cold resistance 1, negative energy resistance 3, inhibited
regeneration, torment resistance 2
a: Renounce Religion


You were on level 4 of the Dungeon.
You worshipped Makhleb.
Makhleb was noncommittal.
You visited 2 branches of the dungeon, and saw 5 of its levels.

You collected 69 gold pieces.


Innate Abilities, Weirdness & Mutations

You thrive by killing the living.
You are immune to poison.
You have sharp fingernails.
Your flesh is cold resistant. (rC+)
You are immune to negative energy. (rN+++)
You do not regenerate when monsters are visible.
You are immune to unholy pain and torment.


   Skills:
 - Level 3.0 Fighting
 - Level 1.7 Dodging
 - Level 2.1 Stealth
 - Level 2.0 Spellcasting
 - Level 3.2 Conjurations
 - Level 2.0 Summonings
 + Level 6.0 Ice Magic


You had 6 spell levels left.
You knew the following spells:

 Your Spells              Type           Power      Damage    Failure   Level
x - Call Imp              Summ           7%         N/A       14%         2
y - Freeze                Ice            76%        1d9       1%          1
z - Magic Dart            Conj           44%        1d5       6%          1

Your spell library contained the following spells:

 Spells                   Type           Power      Damage    Failure   Level
 Searing Ray              Conj           22%        3d3       9%          2
 Conjure Flame            Conj/Fire      6%         6-21      34%         3
 Dazzling Flash           Conj/Hex       12%        N/A       34%         3
 Mephitic Cloud           Conj/Pois/Air  4%         N/A       38%         3
 Ignite Poison            Fire/Tmut/Pois 1%         N/A       54%         3
 Fulminant Prism          Conj/Hex       3%         3d6       75%         4
 Iskenderun's Mystic Bla  Conj/Tloc      6%         2d4       75%         4
 Sticky Flame             Conj/Fire      6%         2d3       75%         4

Inventory:

Hand Weapons
 i - a +0 mace
 m - a +0 long sword (weapon)
 o - a +0 war axe
Missiles
 g - 2 silver boomerangs
Armour
 a - a +0 robe (worn)
 n - a +2 buckler
Magical Staves
 e - a staff of poison
 l - a staff of death
Jewellery
 b - a ring of willpower (right claw)
Scrolls
 c - a scroll of identify {unknown}
 d - a scroll of enchant armour {unknown}
 h - a scroll of teleportation {@r4}
 k - a scroll of fog {unknown}
 p - 2 scrolls of immolation {unknown}
Potions
 f - 3 potions of curing {@q1}
 j - 3 potions of flight {unknown}
 q - a potion of haste {unknown}

Dungeon Overview and Level Annotations

Branches:
Dungeon (4/15)             Temple (1/1) D:4

Altars:
Ashenzari
Elyvilon
Gozag
Kikubaaqudgha
Makhleb
Okawaru
Uskayaw
Zin

Annotations:
D:3 Ijyb
D:4 1 transporter

©▒ ▒▒.▒ ▒▒▒▒▒..
▒▒.....▒ ▒......▒▒
▒..▒▒▒..▒▒ ♣
▒▒..▒▒▒▒▒▒▒▒▒▒▒▒▒▒▒▒▒▒
▒▒.......(..>........
.▒ ▒▒
▒▒.▒n▒▒▒▒▒...........
▒...▒.▒▒..▒.▒
▒........... ▒▒▒
▒5.▒...▒{▒
▒........... ♣▒ ..
▒.▒x▒...▒o▒
▒........... ▒.▒▒.▒
▒▒.▒▒...▒.▒
▒...........
...▒▒▒..♣▒▒...▒▒.▒
▒..?......▒▒
▒▒..........▒.▒▒'▒▒
▒▒▒.▒▒▒▒....
▒...▒▒▒▒▒▒▒.......▒
▒.▒▒▒▒▒..▒
..........▒▒......▒
▒.......▒.


You could see an orc.


Message History

* * * LOW HITPOINT WARNING * * *
The orc barely misses you.
There is an open door here.
Aiming: Freeze (safe; 1% risk of failure)
You miscast Freeze.
You are very lightly contaminated with residual magic.
Nothing appears to happen.
Something hits you.
* * * LOW HITPOINT WARNING * * *
You hear some strange, mumbled words.
A puff of flame appears from out of thin air!
The puff of flame hits you!
* * * LOW HITPOINT WARNING * * *
Something hits you.
* * * LOW HITPOINT WARNING * * *
You closely miss something.
The orc hits you from afar with a +0 trident!
* * * LOW HITPOINT WARNING * * *
Something hits you.
* * * LOW HITPOINT WARNING * * *
Aiming: Freeze (safe; 1% risk of failure)
You freeze something. The orc closely misses you. Something hits you.
* * * LOW HITPOINT WARNING * * *
Your magical contamination has completely faded away.
You hear some strange, mumbled words.
A puff of flame appears from out of thin air!
The puff of flame hits you!
You die...

Action                   |  1- 3 |  4- 6 |  7- 9 || total
-------------------------+-------+-------+-------++-------
Melee: Unarmed           |    26 |       |       ||    26
       Mace              |    20 |       |       ||    20
       Long sword        |     4 |    33 |     3 ||    40
 Cast: Magic Dart        |    78 |     1 |       ||    79
       Freeze            |     7 |    74 |     7 ||    88
       Call Imp          |       |     1 |       ||     1
  Use: Scroll            |       |     1 |       ||     1
       Potion            |       |       |     4 ||     4
Armor: Robe              |     7 |    14 |     1 ||    22
Dodge: Dodged            |    36 |    75 |     6 ||   117
       Rpst.: Long sword |     4 |    24 |       ||    28

Levels and vault maps discovered:
D:1:      scummos_arrival_gate, layout_basic
D:2:      layout_loops_ring, shapermc_ecumenical_altar_rom_forum,
          amethyst_killhole
D:3:      layout_basic, grunt_temple_overflow_open, kennysheep_cluttered_room,
          uniq_natasha, uniq_ijyb, uniq_terence
D:4:      layout_basic, minmay_temple_entry_slanted,
          gammafunk_ghost_abyssal_escape, enter_ossuary_2, minmay_pentomino_pile
Temple:   regret_index_temple_generic_petals

Notes
Turn   | Place    | Note
-------+----------+-------------------------------------------
     0 | D:1      | sanka the Ghoul Conjurer began the quest for the Orb.
     0 | D:1      | Reached XP level 1. HP: 14/14 MP: 2/2
   202 | D:1      | Reached skill level 1 in Fighting
   556 | D:1      | Reached XP level 2. HP: 24/24 MP: 0/3
   659 | D:1      | Reached skill level 2 in Fighting
  1743 | D:2      | Reached XP level 3. HP: 19/30 MP: 1/4
  1930 | D:2      | Found a faded altar of an unknown god.
  1939 | D:2      | Reached skill level 3 in Fighting
  1943 | D:2      | Got Plato's Catalogue of the Snowflakes
  1946 | D:2      | Learned a level 1 spell: Freeze
  2364 | D:2      | Reached skill level 2 in Spellcasting
  2620 | D:3      | Found an opulent altar of Gozag.
  2622 | D:3      | Reached skill level 1 in Ice Magic
  3002 | D:3      | Noticed Terence
  3047 | D:2      | Killed Terence
  3048 | D:2      | Reached skill level 2 in Ice Magic
  3048 | D:2      | Reached XP level 4. HP: 22/38 MP: 0/6
  3194 | D:3      | Reached skill level 3 in Ice Magic
  3478 | D:3      | Reached XP level 5. HP: 29/45 MP: 1/7
  3635 | D:3      | Noticed Ijyb
  3742 | D:3      | Reached skill level 4 in Ice Magic
  3995 | D:3      | Learned a level 2 spell: Call Imp
  4110 | D:3      | Noticed Natasha
  4113 | D:3      | Killed Natasha
  4114 | D:3      | Reached skill level 1 in Summonings
  4182 | D:3      | Noticed a sky beast
  4326 | D:3      | Reached skill level 2 in Summonings
  4504 | D:3      | Killed a sky beast
  4505 | D:3      | Reached XP level 6. HP: 33/51 MP: 0/8
  4811 | D:4      | Reached skill level 5 in Ice Magic
  4930 | D:4      | Found a transporter.
  5008 | D:4      | Found a staircase to the Ecumenical Temple.
  5022 | Temple   | Entered the Ecumenical Temple
  5073 | Temple   | Became a worshipper of Makhleb the Destroyer
  5185 | D:4      | Reached skill level 6 in Ice Magic
  5185 | D:4      | Reached XP level 7. HP: 50/57 MP: 2/9
  5221 | D:4      | HP: 1/57 [something/puff of flame (10)]
  5239 | D:4      | Killed from afar by an orc wizard

Vanquished Creatures
  A sky beast (D:3)
  3 orc priests
  A hound (D:3)
  Terence (D:2)
  An iguana (D:4)
  Natasha (D:3)
  2 orc wizards (D:4)
  3 adders
  2 worms
  12 orcs
  6 ball pythons
  5 bats
  3 endoplasms
  3 giant cockroaches (D:2)
  6 goblins
  7 hobgoblins
  6 jackals (D:4)
  5 kobolds
  A quokka (D:1)
  3 frilled lizards
  6 rats
78 creatures vanquished.

Vanquished Creatures (others)
  An orc (D:4)
  2 fungi (D:2)
  3 plants (D:2)
6 creatures vanquished.

Grand Total: 84 creatures vanquished
